 Dungeon Crawl Stone Soup version 0.22.1-1-ga44c0e56f4 (webtiles) character file.

3339 DenSaoPin the Grappler (level 9, -3/61 HPs)
             Began as a Demonspawn Gladiator on Oct 21, 2018.
             Was an Initiate of Ru.
             Slain by a gnoll sergeant
             ... wielding a +0 halberd
              (12 damage)
             ... in a bailey.
             The game lasted 00:36:51 (9338 turns).

DenSaoPin the Grappler (Demonspawn Gladiator)       Turns: 9338, Time: 00:36:51

Health: -3/61      AC: 12    Str: 19    XL:     9   Next: 72%
Magic:  9/9        EV: 12    Int:  9    God:    Ru [......]
Gold:   178        SH:  0    Dex: 14    Spells: 8/8 levels left

rFire    + . .     SeeInvis .     - Unarmed
rCold    . . .     Gourm    .   (no shield)
rNeg     . . .     Faith    .   u - +0 acid dragon scales
rPois    .         Spirit   .   b - +0 helmet
rElec    .         Reflect  .   h - +0 cloak
rCorr    +         Harm     .   (no gloves)
MR       .....                  p - +1 pair of boots
Stlth    +++.......             (no amulet)
HPRegen  0.20/turn              (no ring)
MPRegen  0.11/turn              (no ring)

@: no status effects
A: claws 2, fire resistance 1, nightstalker 2
a: Sacrifice Love, Sacrifice Nimbleness, Sacrifice Arcana, Reject Sacrifices,
Renounce Religion


You were in a bailey.
You worshipped Ru.
Ru was noncommittal.
You were not hungry.

You visited 2 branches of the dungeon, and saw 9 of its levels.
You also visited: Bailey.

You collected 360 gold pieces.
You spent 182 gold pieces at shops.

Inventory:

Missiles
 c - 15 throwing nets (quivered)
Armour
 a - a +0 leather armour
 b - a +0 helmet (worn)
 h - a +0 cloak (worn)
 p - a +1 pair of boots (worn)
 q - a +0 leather armour
 u - +0 acid dragon scales (worn)
 C - a +1 pair of boots
 D - a +0 scale mail
Jewellery
 j - an uncursed ring of magical power {unknown}
Wands
 m - a wand of random effects (25)
 y - a wand of digging (10)
Scrolls
 e - 3 scrolls of remove curse {unknown}
 f - a scroll of amnesia {unknown}
 g - 12 scrolls of identify {unknown}
 i - 4 scrolls of teleportation {unknown}
 k - 3 scrolls of fear {unknown}
 r - 3 scrolls of random uselessness {unknown}
 t - a scroll of enchant weapon {unknown}
 w - a scroll of enchant armour {unknown}
Potions
 l - 2 potions of mutation {unknown}
 n - 3 potions of agility
 o - 3 potions of curing
 s - 2 potions of berserk rage {unknown}
 v - 2 potions of ambrosia {unknown}
 x - a potion of heal wounds
 z - a potion of lignification {unknown}
 A - a potion of invisibility {unknown}
 B - a potion of cancellation
Comestibles
 d - 15 rations
 E - 3 chunks of flesh


   Skills:
 - Level 2.0 Fighting
 - Level 1.7 Throwing
 - Level 5.2 Armour
 - Level 2.6 Dodging
 + Level 11.6 Unarmed Combat


You had 8 spell levels left.
You didn't know any spells.
Your spell library was empty.

Dungeon Overview and Level Annotations

Branches:
Dungeon (8/15)             Temple (1/1) D:6
   Lair: D:8-11

Altars:
Cheibriados
Dithmenos
Fedhas
Gozag
Hepliaklqana
Kikubaaqudgha
Makhleb
Nemelex Xobeh
Qazlal
Ru
Sif Muna
Trog
Uskayaw
Vehumet
Wu Jian
Xom
Yredelemnul
Zin
The Shining One
Jiyva

Shops:
D:5 !   D:6 :

Annotations:
D:6 2 transporters


Innate Abilities, Weirdness & Mutations

You have very sharp fingernails.
Your flesh is heat resistant. (rF+)
You are significantly more attuned to the shadows.


Message History

You feel better.
The gnoll sergeant hits you from afar with a glaive.
The gnoll sergeant hits you with a halberd.
You completely miss the gnoll sergeant.
The gnoll sergeant is severely wounded.
The gnoll sergeant hits you from afar with a glaive!
* * * LOW HITPOINT WARNING * * *
The gnoll sergeant barely misses you.
You closely miss the gnoll sergeant.
The gnoll sergeant is severely wounded.
The gnoll sergeant closely misses you. x2
You barely miss the gnoll sergeant.
The gnoll sergeant is severely wounded.
The gnoll sergeant hits you with a halberd.
* * * LOW HITPOINT WARNING * * *
The gnoll sergeant barely misses you.
You scratch the gnoll sergeant.
The gnoll sergeant is almost dead.
The gnoll sergeant hits you with a halberd!
You die...

......
#####...#
##.).#...#
##....'...+
#.....#.).#
#8)...##)##
#...)##...##
#...##.....##
#.@.#.......#
###g#...8...#
#..g#.......#
#...##.....##
♣≈#....##.).##
≈♣ ♣≈#8...
##)## ≈♣
♣≈#.....#...#
≈♣ ♣≈## #...#
##≈♣ ♣≈.#
#...# #.≈♣


You could see 2 gnoll sergeants.

Vanquished Creatures
  2 ice beasts (D:6)
  2 orc warriors (D:8)
  A sky beast (D:5)
  A phantom (D:5)
  3 ogres
  2 centaurs
  A big kobold (D:7)
  5 bullfrogs
  4 gnoll sergeants
  A water moccasin zombie (D:7)
  3 scorpions
  5 wights
  3 killer bees (D:7)
  2 crimson imps
  A bullfrog skeleton (D:7)
  4 hounds
  3 jellies
  3 gnoll shamans (Bailey)
  2 orc priests (D:5)
  4 worker ants
  An iguana (D:5)
  6 orc wizards
  A worker ant zombie (D:6)
  16 gnolls
  A howler monkey zombie (D:7)
  4 adders
  2 shadow imps
  3 oozes
  An adder skeleton (D:5)
  5 worms
  5 dart slugs
  3 leopard geckos
  35 orcs
  6 bats
  8 giant cockroaches
  7 goblins
  8 hobgoblins
  12 jackals
  11 kobolds
  5 quokkas
  4 frilled lizards
  A leopard gecko skeleton (D:4)
  A leopard gecko zombie (D:8)
  4 rats
202 creatures vanquished.

Vanquished Creatures (others)
  An orc wizard (D:5)
1 creature vanquished.

Grand Total: 203 creatures vanquished

Notes
Turn   | Place    | Note
-------+----------+-------------------------------------------
     0 | D:1      | DenSaoPin the Demonspawn Gladiator began the quest for the
                  | Orb.
     0 | D:1      | Reached XP level 1. HP: 16/16 MP: 1/1
    51 | D:1      | Reached skill level 3 in Unarmed Combat
   200 | D:1      | Gained mutation: You have sharp fingernails. [demonic
                  | ancestry]
   200 | D:1      | Reached XP level 2. HP: 19/22 MP: 2/2
   746 | D:1      | Reached XP level 3. HP: 26/27 MP: 3/3
  1220 | D:2      | Reached skill level 4 in Unarmed Combat
  1335 | D:2      | Found a shadowy altar of Dithmenos.
  2062 | D:3      | Found an opulent altar of Gozag.
  2104 | D:3      | Gained mutation: You have very sharp fingernails. [demonic
                  | ancestry]
  2104 | D:3      | Reached XP level 4. HP: 26/33 MP: 4/4
  2499 | D:3      | Found a burning altar of Makhleb.
  2593 | D:3      | Found a shadowy altar of Dithmenos.
  2941 | D:4      | Found an ancient bone altar of Kikubaaqudgha.
  2969 | D:4      | Reached skill level 5 in Unarmed Combat
  3259 | D:4      | Reached XP level 5. HP: 34/38 MP: 5/5
  3520 | D:5      | Entered Level 5 of the Dungeon
  3541 | D:5      | Noticed a phantom
  3596 | D:5      | Killed a phantom
  3596 | D:5      | Reached skill level 6 in Unarmed Combat
  3596 | D:5      | Gained mutation: You are slightly more attuned to the
                  | shadows. [demonic ancestry]
  3596 | D:5      | Reached XP level 6. HP: 16/44 MP: 6/6
  4180 | D:5      | Reached skill level 7 in Unarmed Combat
  4463 | D:5      | Noticed a sky beast
  4469 | D:5      | Killed a sky beast
  4469 | D:5      | Reached XP level 7. HP: 50/50 MP: 7/7
  4650 | D:5      | Found Exadd's Distillery.
  4659 | D:5      | Bought a potion of heal wounds for 65 gold pieces
  4659 | D:5      | Bought a potion of curing for 39 gold pieces
  4659 | D:5      | Bought a potion of curing for 39 gold pieces
  4659 | D:5      | Bought a potion of curing for 39 gold pieces
  4719 | D:5      | Reached skill level 8 in Unarmed Combat
  5101 | D:5      | Found a burning altar of Makhleb.
  5456 | D:6      | Reached skill level 9 in Unarmed Combat
  5456 | D:6      | Gained mutation: Your flesh is heat resistant. (rF+)
                  | [demonic ancestry]
  5456 | D:6      | Reached XP level 8. HP: 46/56 MP: 8/8
  5481 | D:6      | Found a staircase to the Ecumenical Temple.
  5511 | D:6      | Noticed a troll
  5516 | D:6      | Noticed a white ugly thing
  5517 | D:6      | Found a transporter.
  5522 | Temple   | Entered the Ecumenical Temple
  5678 | Temple   | Became a worshipper of Ru the Awakened
  5694 | D:6      | Noticed an eight-headed hydra
  5696 | D:6      | Found a hide-covered altar of Uskayaw.
  5697 | D:6      | Found a transporter.
  5699 | D:6      | Found a stormy altar of Qazlal.
  5704 | D:6      | Found a shimmering altar of Xom.
  5879 | D:6      | Found Raurr's Book Shoppe.
  6070 | D:6      | Reached skill level 10 in Unarmed Combat
  6284 | D:6      | Reached skill level 1 in Armour
  6749 | D:7      | Found an ornate altar of the Wu Jian Council.
  7238 | D:7      | Gained mutation: You are significantly more attuned to the
                  | shadows. [demonic ancestry]
  7238 | D:7      | Reached XP level 9. HP: 46/61 MP: 9/9
  7449 | D:7      | Reached skill level 5 in Armour
  8640 | D:8      | Reached skill level 11 in Unarmed Combat
  8677 | D:8      | Found a flagged portal.
  8684 | Bailey   | Entered a bailey
  9338 | Bailey   | Slain by a gnoll sergeant

Skill      XL: |  1  2  3  4  5  6  7  8  9 |
---------------+----------------------------+-----
Unarmed Combat | 3 4 5 6 7 9 10 11 | 11.6
Armour         | 4 5 |  5.2
Fighting       | |  2.0
Throwing       | |  1.7
Dodging        | |  2.6

Action                   |  1- 3 |  4- 6 |  7- 9 || total
-------------------------+-------+-------+-------++-------
Melee: Unarmed           |   131 |   169 |   419 ||   719
       Punch             |       |     3 |    14 ||    17
  Use: Potion            |       |     4 |     1 ||     5
 Stab: Sleeping          |     3 |     1 |     4 ||     8
  Eat: Chunk             |     2 |     9 |    16 ||    27
Armor: Leather armour    |    30 |     9 |       ||    39
       Acid dragon scale |       |    39 |   147 ||   186
Dodge: Dodged            |   102 |   107 |   257 ||   466
